 Dungeon Crawl Stone Soup version 0.29.1-12-g30fa7ad0bf (webtiles) character file.

Game seed: 5881844258064432160

363 sanboga the Cudgeller (level 6, -8/55 (56) HPs)
             Began as a Minotaur Monk on Dec 22, 2022.
             Killed by divine providence
             ... invoked by an orc priest
              (13 damage)
             ... on level 4 of the Dungeon.
             The game lasted 00:04:29 (2685 turns).

sanboga the Cudgeller (Minotaur Monk)               Turns: 2685, Time: 00:04:30

HP:   -8/55 (56)    AC: 18    Str: 21    XL:     6   Next: 39%
MP:   5/5           EV:  3    Int:  7    God:
Gold: 69            SH:  0    Dex: 12    Spells: 5/5 levels left

rFire   + + .      SeeInvis .   j - +0 flail
rCold   + + +      Faith    .   (no shield)
rNeg    + . .      Spirit   .   i - +0 gold dragon scales
rPois   +          Reflect  +   (helmet restricted)
rElec   +          Harm     .   (no cloak)
rCorr   +          Rampage  .   l - +0 pair of gloves
Will    .....                   s - +0 pair of boots of the Leaf {*Slow Fly rC+ Str+3}
Stlth   ..........              m - amulet of reflection
HPRegen 0.18/turn               e - ring of positive energy
MPRegen 0.09/turn               (no ring)

@: confused, resistant, ambrosia-drunk, attractive, flying, lightly drained,
unable to read
A: horns 2, retaliatory headbutt, iridescent scales 1, inability to read after
injury 1
a: no special abilities


You were on level 4 of the Dungeon.
You visited 1 branch of the dungeon, and saw 4 of its levels.

You collected 154 gold pieces.
You spent 85 gold pieces at shops.

Inventory:

Hand Weapons
 j - a +0 flail (weapon)
Armour
 i - +0 gold dragon scales (worn)
 l - a +0 pair of gloves (worn)
 s - the +0 pair of boots of the Leaf (worn) {*Slow Fly rC+ Str+3}
   (You found it on level 4 of the Dungeon)

   Str:       It affects your strength (+3).
   rC:        It protects you from cold.
   Fly:       It grants you flight.
   *Slow:     It may slow you when you take damage.
Jewellery
 e - a ring of positive energy (left hand)
 m - an amulet of reflection (around neck)
Scrolls
 a - a scroll of vulnerability {unknown}
 b - 2 scrolls of blinking {unknown}
 d - 3 scrolls of amnesia {unknown}
 h - a scroll of summoning {unknown}
 k - 3 scrolls of poison {unknown}
 n - a scroll of identify
 r - a scroll of teleportation {unknown}
Potions
 g - a potion of might
 o - a potion of attraction


   Skills:
 + Level 5.3 Fighting
 * Level 6.7 Maces & Flails
 + Level 3.6 Armour
 - Level 3.2 Dodging
 - Level 1.5 Stealth


You had 5 spell levels left.
You didn't know any spells.
Your spell library contained the following spells:

 Spells                   Type           Power      Damage    Failure   Level
 Blink                    Tloc           0%         N/A       100%        2
 Manifold Assault         Tloc           0%         N/A       100%        5
 Storm Form               Tmut/Air       0%         N/A       100%        7


Dungeon Overview and Level Annotations

Branches:
Dungeon (4/15)
 Temple: D:4-7

Altars:

Shops:
D:2 :   D:3 [


Innate Abilities, Weirdness & Mutations

You have a pair of horns on your head.
You reflexively headbutt those who attack you in melee.
You are partially covered in iridescent scales. (AC +2)
You occasionally lose the ability to read scrolls when taking damage.


Message History

You barely miss the ice beast.
You headbutt the ice beast, but do no damage.
The ice beast is almost dead.
The orc hits you with a +0 whip.
The necrophage hits you but does no damage.
The orc priest hits you but does no damage.
The ice beast hits you but does no damage.
You hit the ice beast but do no damage. Your headbutt misses the ice beast.
The ice beast is almost dead.
You block the orc's attack.
The orc priest calls down the wrath of Beogh upon you.
Beogh smites you!
You feel threatened and lose the ability to read scrolls!
* * * LOW HITPOINT WARNING * * *
The ice beast hits you but does no damage.
The necrophage hits you but does no damage.
You hit the ice beast but do no damage.
The ice beast is almost dead.
You can read scrolls again.
You block the orc's attack.
The necrophage hits you but does no damage.
The orc priest hits you but does no damage.
The ice beast hits you.
* * * LOW HITPOINT WARNING * * *
The ice beast freezes you. You resist.
* * * LOW HITPOINT WARNING * * *
You are confused.
You feel invigorated. The orc hits you but does no damage.
The ice beast hits you.
* * * LOW HITPOINT WARNING * * *
The ice beast freezes you. You resist.
* * * LOW HITPOINT WARNING * * *
The orc priest hits you but does no damage.
The necrophage hits you but does no damage.
You're too confused to move!
The orc hits you with a +0 whip.
* * * LOW HITPOINT WARNING * * *
The orc priest calls down the wrath of Beogh upon you.
Beogh smites you!
You feel threatened and lose the ability to read scrolls!
You die...

## ...###### .# #..
........ .#######.....
......#
.##......##.###.....#####
....#####.....#.........##.
.#....###...<.##....#......
..<......................#
.#....###......Yoo..#...#
.#....#.........@n......#
.#......†.....#####)#...#
.#......###.### #.....#
.#....### #.# ##....#
##....#####.#### #......
##....##.......## ....#.
##....#.........####..#....
....##.............. #..##
.....#.............. ..


You could see an ice beast, a necrophage, an orc priest and an orc.

Vanquished Creatures
  A scorpion (D:4)
  A howler monkey (D:4)
  An orc priest (D:3)
  2 iguanas
  Natasha (thrice) (D:3)
  2 adders
  2 worms
  4 dart slugs
  10 orcs
  5 bats
  6 endoplasms
  A giant cockroach (D:3)
  9 goblins
  7 hobgoblins
  6 kobolds
  A quokka (D:3)
  9 ball pythons
  5 frilled lizards
  3 rats
78 creatures vanquished.

Vanquished Creatures (others)
  An orc wizard (D:4)
  A plant (D:1)
2 creatures vanquished.

Grand Total: 80 creatures vanquished

Notes
Turn   | Place    | Note
-------+----------+-------------------------------------------
     0 | D:1      | sanboga the Minotaur Monk began the quest for the Orb.
     0 | D:1      | Reached XP level 1. HP: 19/19 MP: 0/0
   134 | D:1      | Reached skill level 4 in Maces & Flails
   134 | D:1      | Reached XP level 2. HP: 27/27 MP: 1/1
   139 | D:1      | Reached skill level 1 in Armour
   481 | D:1      | Reached XP level 3. HP: 33/33 MP: 2/2
   995 | D:2      | Found Qinufix's Book Emporium.
  1526 | D:3      | Reached XP level 4. HP: 39/41 MP: 3/3
  1573 | D:3      | Found Viamme's Antique Armour Emporium.
  1580 | D:3      | Bought a pair of gloves for 85 gold pieces
  1604 | D:3      | Reached skill level 5 in Maces & Flails
  1610 | D:3      | Noticed Natasha
  1617 | D:3      | Killed Natasha
  1878 | D:3      | Reached XP level 5. HP: 46/47 MP: 4/4
  2143 | D:3      | Noticed Natasha
  2151 | D:3      | Killed Natasha
  2247 | D:3      | Noticed Natasha
  2257 | D:3      | Killed Natasha
  2258 | D:3      | Reached skill level 6 in Maces & Flails
  2442 | D:4      | Identified the +0 pair of boots of the Leaf {*Slow Fly rC+
                  | Str+3}
  2496 | D:4      | Reached skill level 5 in Fighting
  2564 | D:4      | Reached XP level 6. HP: 52/56 MP: 5/5
  2659 | D:4      | Gained mutation: You occasionally lose the ability to read
                  | scrolls when taking damage. [potion of mutation]
  2659 | D:4      | Gained mutation: You are partially covered in iridescent
                  | scales. (AC +2) [potion of mutation]
  2661 | D:4      | Noticed an ice beast
  2685 | D:4      | Killed from afar by an orc priest

Illustrated notes

Levels and vault maps discovered:
D:1:      minmay_arrival_checkered_box, layout_basic, st_stairs_5,
          minmay_misc_feat_cross, serial_bayou_pond_b
D:2:      layout_basic, serial_curves, eino_curves_04, eino_curves_04,
          serial_shops, shop_fountains
D:3:      layout_loops_ring, serial_shops, shop_statue, uniq_natasha
D:4:      layout_rooms, grunt_ministairs_3

Skill      XL: |  1  2  3  4  5 |
---------------+----------------+-----
Maces & Flails | 4 5 6 |  6.7
Armour         | 1 2 3 |  3.6
Fighting       | 4 5 |  5.3
Dodging        | |  3.2
Stealth        | |  1.5

Action                   |  1- 3 |  4- 6 || total
-------------------------+-------+-------++-------
Melee: Mace              |    77 |       ||    77
       Headbutt          |     7 |    22 ||    29
       Punch             |     1 |       ||     1
       Flail             |     5 |   128 ||   133
  Use: Scroll            |     1 |       ||     1
       Potion            |       |     7 ||     7
Armor: Ring mail         |    10 |       ||    10
       Chain mail        |    19 |       ||    19
       Gold dragon scale |    14 |   156 ||   170
Dodge: Dodged            |    32 |    25 ||    57
Block: Other             |       |    23 ||    23
